 Dungeon Crawl Stone Soup version 0.30-a0-722-g3e6e8c874d (webtiles) character file.

Game seed: 13332035747450983567

3 Monkooky the Sneak (level 1, -26/21 HPs)
             Began as a Naga Delver on Jan 28, 2023.
             Was an Initiate of Cheibriados.
             Annihilated by an ogre
             ... wielding a +0 giant club
              (37 damage)
             ... on level 5 of the Dungeon.
             The game lasted 00:02:15 (164 turns).

Monkooky the Sneak (Naga Delver)                     Turns: 164, Time: 00:02:16

Health: -26/21     AC:  1    Str: 15    XL:     1   Next: 50%
Magic:  1/1        EV:  9    Int: 11    God:    Cheibriados [......]
Gold:   0          SH:  0    Dex: 13    Spells: 0/0 levels left

rFire   . . .      SeeInvis +    a - +0 short sword
rCold   . . .      Faith    .    (no shield)
rNeg    . . .      Spirit   .    b - +0 leather armour
rPois   +          Reflect  .    (no helmet)
rElec   .          Harm     .    (no cloak)
rCorr   .          Rampage  .    (no gloves)
Will    .....                    (no barding)
Stlth   +++                      (no amulet)
HPRegen 0.23/turn                (no ring)
MPRegen 0.07/turn                (no ring)

@: short of breath, very slow
A: AC +0, large, see invisible, deformed body, poison resistance, slowness 2,
spit poison 1, naga tail 1
a: Spit Poison, Renounce Religion


You were on level 5 of the Dungeon.
You worshipped Cheibriados.
Cheibriados was noncommittal.
You visited 1 branch of the dungeon, and saw 1 of its levels.

Inventory:

Hand Weapons
 a - a +0 short sword (weapon)
Armour
 b - a +0 leather armour (worn)
Wands
 g - a wand of digging (3)
Scrolls
 c - a scroll of fog
 d - a scroll of magic mapping
 h - a scroll of identify {unknown}
Potions
 f - a potion of haste


   Skills:
 - Level 3.0 Fighting
 + Level 2.3 Short Blades
 - Level 1.5 Dodging
 - Level 7.2 Stealth


You couldn't memorise any spells.
You didn't know any spells.
Your spell library was empty.

Dungeon Overview and Level Annotations

Branches:
Dungeon (5/15)             Temple (0/1) D:5

Altars:
Cheibriados
Sif Muna


Innate Abilities, Weirdness & Mutations

Your serpentine skin is tough. (AC +0)
You have supernaturally acute eyesight. (SInv)
Armour fits poorly on your strangely shaped body.
Your system is resistant to poisons. (rPois)
You cover ground very slowly.
You can spit poison.
You have a snake-like lower body.


Message History

The ogre begs for mercy.
You have got your breath back.
Aiming: Spit Poison (3% risk of failure)
Press: ? - help, Shift-Dir - straight line, f/p - ogre
Aim: an ogre, wielding a +0 giant club (78% to hit)
The splash of poison hits the ogre.
The ogre is poisoned.
The ogre is lightly wounded.
You have got your breath back.
Aiming: Spit Poison (3% risk of failure)
Press: ? - help, Shift-Dir - straight line, f/p - ogre
Aim: an ogre, wielding a +0 giant club (moderately wounded, poisoned, 78% to hit)
The splash of poison misses the ogre.
You completely miss the ogre.
The ogre is moderately wounded.
The ogre barely misses you.
You hit the ogre.
The ogre is moderately wounded.
The ogre looks more healthy.
You hit the ogre.
The ogre is moderately wounded.
The ogre barely misses you.
You hit the ogre but do no damage.
The ogre is moderately wounded.
The ogre barely misses you.
You hit the ogre.
The ogre is heavily wounded.
You hit the ogre.
The ogre is heavily wounded.
The ogre barely misses you.
You hit the ogre.
The ogre is severely wounded.
You have got your breath back.
Aiming: Spit Poison (3% risk of failure)
Press: ? - help, Shift-Dir - straight line, f/p - ogre
Aim: an ogre, wielding a +0 giant club (severely wounded, 78% to hit)
The splash of poison hits the ogre.
The ogre is severely wounded.
The ogre hits you with a +0 giant club!!!
Ouch! That really hurt!
You die...

*..#* *,* *...*
##+## *#.#* ##...##
###.# ##.....##
##.#.# ##.......#
##....###.........
#.......'.....<...
#......##...######
##@#.#..######~~~~*
#.O.##..#,***~~~~~~
#.......#,,,,~~,,,,
#...###.#,,,~~,,,,,
##.##*#.#,,~,,,,~~,
#..,,...,,~,,~~,,~
#.##*##..,,~~,,,,~
#..,,,*..,,,,,⌠~~,
#.#**,*...,,,~~⌠,,


You could see an ogre.

Vanquished Creatures
  A worm (D:5)
1 creature vanquished.

Notes
Turn   | Place    | Note
-------+----------+-------------------------------------------
     0 | D:5      | Monkooky the Naga Delver began the quest for the Orb.
     0 | D:5      | Reached XP level 1. HP: 21/21 MP: 1/1
    14 | D:5      | Found a snail-covered altar of Cheibriados.
    56 | D:5      | Became a worshipper of Cheibriados the Contemplative
    80 | D:5      | Found a shimmering blue altar of Sif Muna.
    96 | D:5      | Noticed an iguana
   110 | D:5      | Noticed a jelly
   139 | D:5      | Noticed an ogre
   164 | D:5      | Annihilated by an ogre

Illustrated notes

Levels and vault maps discovered:
D:5:      cheibrodos_helix_gallery, layout_loops_corners,
          cheibrodos_worm_habitat, mainiacjoe_overflow_catwalk,
          minmay_temple_entry_stoned_glass, gup_sewer_entry_spiral

Action                     || total
---------------------------++-------
  Melee: Short sword       ||     8
Ability: Spit Poison       ||     9
    Use: Scroll            ||     2
  Dodge: Dodged            ||     4

Table legend: (Time is in decaauts)
 A = Elapsed time spent in this place.
 B = Non-inter-level travel time spent in this place.
 C = Inter-level travel time spent in this place.
 D = Time resting spent in this place.
 E = Time spent auto-exploring this place.
 F = Levels seen in this place.
 G = Mean time per level.
                   A        B        C        D        E       F      G
               +--------+--------+--------+--------+--------+-----+--------+
         Total |    250 |    250 |      0 |      0 |      0 |   1 |  250.0 |
       Dungeon |    250 |    250 |      0 |      0 |      0 |   1 |  250.0 |
               +--------+--------+--------+--------+--------+-----+--------+

Top non-repeatable levels by time:
     D:5: 250 daAuts
